 Dungeon Crawl Stone Soup version 0.29.1-12-g30fa7ad0bf (webtiles) character file.

Game seed: 17354106875748721094

123 112233 the Digger (level 5, 0/31 HPs)
             Began as an Octopode Earth Elementalist on Dec 18, 2022.
             Killed by divine providence
             ... invoked by an orc priest
              (10 damage)
             ... on level 3 of the Dungeon.
             The game lasted 00:01:11 (2055 turns).

112233 the Digger (Octopode Earth Elementalist)     Turns: 2055, Time: 00:01:12

Health: 0/31       AC:  1    Str:  7    XL:     5   Next: 7%
Magic:  8/8        EV: 13    Int: 20    God:
Gold:   60         SH:  0    Dex: 12    Spells: 7/8 levels left

rFire   . . .      SeeInvis .   c - +0 dagger
rCold   . . .      Faith    .   (no shield)
rNeg    . . .      Spirit   .   (helmet restricted)
rPois   .          Reflect  .   (no amulet)
rElec   .          Harm     .   (no ring)
rCorr   .          Rampage  .   (no ring)
Will    .....                   (no ring)
Stlth   ++........              (no ring)
HPRegen 0.10/turn               (no ring)
MPRegen 0.11/turn               (no ring)
                                (no ring)
                                (no ring)

@: confused, ambrosia-drunk, attractive
A: almost no armour, amphibious, 8 rings, camouflage 1, gelatinous body 1,
(nimble swimmer 1), tentacles
a: no special abilities


You were on level 3 of the Dungeon.
You visited 1 branch of the dungeon, and saw 3 of its levels.

You collected 60 gold pieces.

Inventory:

Hand Weapons
 c - a +0 dagger (weapon)
Scrolls
 b - a scroll of immolation {unknown}
 e - 2 scrolls of teleportation {unknown}
 f - 4 scrolls of identify {unknown}
 g - a scroll of noise {unknown}
 h - 2 scrolls of fear {unknown}
Potions
 a - a potion of magic
 i - 2 potions of attraction
 j - 2 potions of curing {unknown}
 k - a potion of flight {unknown}
 l - a potion of brilliance {unknown}
 m - a potion of heal wounds {unknown}
 n - a potion of cancellation {unknown}
 o - a potion of might {unknown}


   Skills:
 - Level 2.2 Dodging
 - Level 3.1 Stealth
 - Level 2.2 Spellcasting
 - Level 1.4 Transmutations
 + Level 5.0 Earth Magic


You had 7 spell levels left.
You knew the following spells:

 Your Spells              Type           Power      Damage    Failure   Level
a - Sandblast             Erth           44%        2d11      1%          1

Your spell library contained the following spells:

 Spells                   Type           Power      Damage    Failure   Level
 Passwall                 Tmut/Erth      12%        N/A       6%          2
 Stone Arrow              Conj/Erth      24%        3d8       16%         3
 Petrify                  Tmut/Erth      15%        N/A       38%         4


Dungeon Overview and Level Annotations

Branches:
Dungeon (3/15)

Altars:


Innate Abilities, Weirdness & Mutations

You cannot wear most types of armour.
You are amphibious.
You can wear up to eight rings at the same time.
Your skin changes colour to match your surroundings (Stealth+).
Your rubbery body absorbs attacks. (AC +1, EV +1)
((You are camouflaged when in or above water. (Stealth+)))
You have tentacles for arms and can constrict up to eight enemies at once.


Message History

Found an escape hatch in the ceiling.
An orc comes into view. It is wielding a +0 dagger.
An orc comes into view. It is wielding a +0 falchion.
An orc comes into view. It is wielding a +0 club.
Casting: Sandblast (safe; 1% risk of failure)
Confirm with . or Enter, or press ? or * to list all spells.
Aiming: Sandblast (safe; 1% risk of failure)
Press: ? - help, Shift-Dir - straight line, f - kobold
Aim: a kobold, wielding a +0 short sword and quivering stones (79% to hit)
The blast of sand misses the kobold.
The orc shouts! x2
The kobold hits you but does no damage. x2
Unknown command.
The orc attacks as you move away! The orc barely misses you.
The kobold hits you with a +0 short sword.
There is an open door, spattered with blood here.
Items here: ))) †††.
The orc attacks as you move away! The orc hits you with a +0 falchion.
* * * LOW HITPOINT WARNING * * *
The orc closely misses you.
Things that are here:
a +0 dagger; a +0 ring mail It was a potion of attraction.
You feel attractive to monsters. The orc closely misses you.
An orc opens the door.
The orc is attracted toward you. The hobgoblin is attracted toward you.
The adder is attracted toward you.
An orc, a hobgoblin and an adder come into view.
Unknown command.
It was a potion of ambrosia.
You are confused.
You feel invigorated. The orc closely misses you.
The orc hits you with a +0 club. The adder is attracted toward you.
Unknown command.
Unknown command.
You bump into the rock wall.
The orc hits you with a +0 falchion. The orc hits you with a +0 club.
The orc priest invokes the aid of Beogh against you.
Beogh smites you!
You die...

... ...## #.# #.....
.§<###### #.# #.....
.........#####)## .....'
#S..............#
.....'##...............#
........§o. ..........#
........#o# ##.....).###
........#@######.......##.
#..o.o.#...........#.).
#....##...############.
##+#.##...# #.... ...+...#
#.... ##.##...# +....
#.###### #.... #.# #####
#.#


You could see an orc priest, an adder (wandering) and 3 orcs.

Vanquished Creatures
  An orc priest (D:3)
  Jessica (D:2)
  2 adders (D:2)
  2 dart slugs (D:2)
  3 orcs (D:3)
  5 ball pythons (D:2)
  A bat (D:2)
  4 endoplasms (D:2)
  A giant cockroach (D:2)
  2 hobgoblins
  3 jackals (D:1)
  A quokka (D:2)
  2 frilled lizards (D:2)
  4 goblins
  4 kobolds
  4 rats
  A spectral kobold (D:1)
41 creatures vanquished.

Notes
Turn   | Place    | Note
-------+----------+-------------------------------------------
     0 | D:1      | 112233 the Octopode Earth Elementalist began the quest for
                  | the Orb.
     0 | D:1      | Reached XP level 1. HP: 11/11 MP: 3/3
   255 | D:1      | Reached XP level 2. HP: 17/17 MP: 3/5
   514 | D:1      | Found a faded altar of an unknown god.
  1086 | D:2      | Found the +3 pair of gauntlets of War {Slay+5}
  1156 | D:2      | Reached XP level 3. HP: 18/21 MP: 1/6
  1603 | D:2      | Reached skill level 4 in Earth Magic
  1686 | D:2      | Noticed Jessica
  1691 | D:2      | Killed Jessica
  1692 | D:2      | Reached XP level 4. HP: 20/27 MP: 3/7
  2035 | D:3      | Reached XP level 5. HP: 31/31 MP: 2/8
  2038 | D:3      | Reached skill level 5 in Earth Magic
  2055 | D:3      | Killed from afar by an orc priest

Illustrated notes

Levels and vault maps discovered:
D:1:      dpeg_arrival_rhombus, layout_basic,
          dreamdust_ecumenical_altar_drowned_temple, reono_crystal_passage
D:2:      layout_loops_ring, kennysheep_path_1, kennysheep_jessica_study
D:3:      layout_basic, uniq_crazy_yiuf_cottage

Skill      XL: |  1  2  3  4  5 |
---------------+----------------+-----
Stealth        | 3 |  3.1
Earth Magic    | 4 5 |  5.0
Dodging        | |  2.2
Spellcasting   | |  2.2
Transmutations | |  1.4

Action                   |  1- 3 |  4- 6 || total
-------------------------+-------+-------++-------
Melee: Dagger            |     6 |     9 ||    15
       Constrict         |     2 |     1 ||     3
       Tentacles         |     1 |       ||     1
 Cast: Sandblast         |    42 |    15 ||    57
  Use: Potion            |       |     2 ||     2
 Stab: Sleeping          |     1 |       ||     1
Armor: Skin              |     6 |     4 ||    10
Dodge: Dodged            |     8 |    12 ||    20
